 Dungeon Crawl Stone Soup version 0.29-a0-1047-g7c58e119a4 (webtiles) character file.

Game seed: 16527961573861271571

141 siradein the Trooper (level 5, -1/48 HPs)
             Began as a Hill Orc Monk on Aug 16, 2022.
             Slain by an orc
             ... wielding a +0 war axe
              (4 damage)
             ... on level 3 of the Dungeon.
             The game lasted 00:06:10 (3889 turns).

siradein the Trooper (Hill Orc Monk)                Turns: 3889, Time: 00:06:10

Health: -1/48      AC:  5    Str: 16    XL:     5   Next: 24%
Magic:  5/5        EV: 11    Int: 10    God:
Gold:   115        SH:  0    Dex: 13    Spells: 4/4 levels left

rFire   . . .      SeeInvis .   a - +0 spear
rCold   . . .      Faith    .   (no shield)
rNeg    . . .      Spirit   .   h - +0 ring mail
rPois   .          Reflect  .   (no helmet)
rElec   .          Harm     .   (no cloak)
rCorr   .          Rampage  .   (no gloves)
Will    .....                   (no boots)
Stlth   +.........              (no amulet)
HPRegen 0.16/turn               (no ring)
MPRegen 0.09/turn               (no ring)

@: about to teleport
A: no striking features
a: no special abilities


You were on level 3 of the Dungeon.
You visited 1 branch of the dungeon, and saw 3 of its levels.

You collected 115 gold pieces.

Inventory:

Hand Weapons
 a - a +0 spear (weapon)
Armour
 h - a +0 ring mail (worn)
Scrolls
 f - a scroll of amnesia
 g - a scroll of teleportation
 j - a scroll of noise {unknown}
 l - a scroll of acquirement {unknown}
 m - a scroll of immolation {unknown}
Potions
 b - a potion of might
 c - a potion of ambrosia
 d - 3 potions of curing
 e - a potion of mutation {unknown}
 i - a potion of resistance
 k - 2 potions of invisibility


   Skills:
 + Level 5.5 Fighting
 + Level 5.0 Polearms
 - Level 2.4 Dodging
 - Level 1.5 Stealth


You had 4 spell levels left.
You didn't know any spells.
Your spell library contained the following spells:

 Spells                   Type           Power      Damage    Failure   Level
 Magic Dart               Conj           0%         1d3       58%         1
 Searing Ray              Conj           0%         2d4       73%         2
 Summon Guardian Golem    Hex/Summ       0%         N/A       91%         3
 Fulminant Prism          Conj/Hex       0%         3d6       100%        4
 Orb of Destruction       Conj           0%         9d5       100%        7
 Spellforged Servitor     Conj/Summ      0%         N/A       100%        7


Dungeon Overview and Level Annotations

Branches:
Dungeon (3/15)

Altars:

Annotations:
D:2 1 runed translucent door, Crazy Yiuf
D:3 2 transporters, Monkooky's ghost, weakling BaDe


Message History

An orc comes into view. It is wielding a +0 mace of protection.
The orc barely misses you.
You hit the orc but do no damage.
The orc is heavily wounded.
You hit the orc but do no damage.
The orc is heavily wounded.
The orc hits you with a +0 war axe.
You closely miss the orc.
The orc is heavily wounded.
The orc hits you with a +0 war axe!
You barely miss the orc.
The orc is heavily wounded.
The orc hits you with a +0 war axe.
You barely miss the orc.
The orc is heavily wounded.
The orc hits you from afar with a +0 trident!
The orc hits you with a +0 war axe!
* * * LOW HITPOINT WARNING * * *
You are too injured to fight recklessly!
You are too injured to fight recklessly!
You are too injured to fight recklessly!
You are too injured to fight recklessly!
You hit the orc but do no damage.
The orc is heavily wounded.
The orc closely misses you. The orc hits you with a +0 war axe!
* * * LOW HITPOINT WARNING * * *
Reach: a) +0 spear
Press: ? - help, Dir - move target, f/p - orc
Aim: an orc, wielding a +0 war axe and wearing a +0 chain mail (heavily wounded, about 29% to evade your +0 spear)
You hit the orc but do no damage.
The orc is heavily wounded.
The orc hits you from afar with a +0 trident.
* * * LOW HITPOINT WARNING * * *
The orc barely misses you.
As you read the scroll of teleportation, it crumbles to dust.
You feel strangely unstable.
The orc hits you from afar with a +0 trident.
* * * LOW HITPOINT WARNING * * *
The orc hits you with a +0 war axe.
You die...

##.#.#
...####....#
#.......#.###
#.##.##.#...
###.#.###.#.#.#
#........†..#.#
#.###.#.#.###.###
# ......#o##.##.#
#.....oro@....#
..!....o####...#
........# #####
#########


You could see 4 orcs and a quokka.

Vanquished Creatures
  An adder (D:2)
  5 gnolls
  A worm (D:2)
  2 orcs (D:3)
  8 ball pythons
  4 bats
  7 endoplasms
  3 giant cockroaches
  6 goblins
  7 hobgoblins
  8 jackals
  2 quokkas (D:2)
  5 frilled lizards
  5 kobolds
  6 rats
70 creatures vanquished.

Notes
Turn   | Place    | Note
-------+----------+-------------------------------------------
     0 | D:1      | siradein the Hill Orc Monk began the quest for the Orb.
     0 | D:1      | Reached XP level 1. HP: 19/19 MP: 1/1
   134 | D:1      | Reached XP level 2. HP: 27/27 MP: 2/2
   297 | D:1      | Found a faded altar of an unknown god.
   518 | D:1      | Reached XP level 3. HP: 34/34 MP: 3/3
  1428 | D:2      | Reached XP level 4. HP: 34/41 MP: 4/4
  1791 | D:2      | Reached skill level 5 in Fighting
  1939 | D:2      | Found a runed translucent door.
  1940 | D:2      | Noticed Crazy Yiuf
  3355 | D:3      | Reached XP level 5. HP: 29/48 MP: 5/5
  3609 | D:3      | Reached skill level 5 in Polearms
  3611 | D:3      | Noticed Monkooky's ghost (weakling BaDe)
  3612 | D:3      | Found a transporter.
  3617 | D:3      | Found a transporter.
  3889 | D:3      | Slain by an orc

Illustrated notes

Levels and vault maps discovered:
D:1:      psy_arrival_radial02, layout_basic, shapermc_ecumenical_altar_venn
D:2:      layout_basic, st_stairs_3, uniq_crazy_yiuf_cottage
D:3:      layout_loops_ring, lightli_temple_of_fire, gammafunk_ghost_mausoleum,
          roderic_roman_lattice

Skill      XL: |  1  2  3  4  5 |
---------------+----------------+-----
Fighting       | 4 5 |  5.5
Polearms       | 4 5 |  5.0
Dodging        | |  2.4
Stealth        | |  1.5

Action                   |  1- 3 |  4- 6 || total
-------------------------+-------+-------++-------
Melee: Spear             |   144 |   179 ||   323
       Punch             |     2 |     3 ||     5
  Use: Scroll            |       |     7 ||     7
 Stab: Sleeping          |     4 |       ||     4
Armor: Ring mail         |    21 |    40 ||    61
       Robe              |     2 |       ||     2
Dodge: Dodged            |    58 |   108 ||   166

Table legend: (Time is in decaauts)
 A = Elapsed time spent in this place.
 B = Non-inter-level travel time spent in this place.
 C = Inter-level travel time spent in this place.
 D = Time resting spent in this place.
 E = Time spent auto-exploring this place.
 F = Levels seen in this place.
 G = Mean time per level.
                   A        B        C        D        E       F      G
               +--------+--------+--------+--------+--------+-----+--------+
         Total |   3858 |   3391 |    467 |      0 |   2789 |   3 | 1286.0 |
       Dungeon |   3858 |   3391 |    467 |      0 |   2789 |   3 | 1286.0 |
               +--------+--------+--------+--------+--------+-----+--------+

Top non-repeatable levels by time:
     D:2: 2064 daAuts
     D:1: 1259 daAuts
     D:3: 533 daAuts
